 Seeded DCSS version 0.27-a0-46-g34d46f0a3f (webtiles) character file.

Game seed: 20210106 (custom seed)

208314 muata the Warrior (level 18, -4/267 HPs)
             Began as a Minotaur Berserker on Jan 6, 2021.
             Was a High Priest of Trog.
             Slain by an eight-headed hydra (11 damage)
             ... called by a spriggan druid
             ... on level 3 of the Swamp on Jan 7, 2021.
             The game lasted 02:39:33 (33766 turns).

muata the Warrior (Minotaur Berserker)             Turns: 33766, Time: 02:39:33

Health: -4/267     AC: 36    Str: 32    XL:     18   Next: 12%
Magic:  17/17      EV: 14    Int:  4    God:    Trog [*****.]
Gold:   3104       SH:  0    Dex: 10    Spells: 17/17 levels left

rFire    . . .     SeeInvis .   e - +8 hand axe of Inquiry {vorpal, Fragile +Rage rC+ Will+}
rCold    + . .     Faith    .   (no shield)
rNeg     . . .     Spirit   .   R - +4 plate armour {rPois}
rPois    +         Reflect  .   (helmet restricted)
rElec    +         Harm     .   z - +0 cloak
rCorr    .         Rampage  .   B - +2 pair of gloves
Will     ++...                  s - +2 pair of boots
Stlth    ..........             L - amulet of the acrobat
HPRegen  0.54/turn              c - +4 ring of protection
MPRegen  0.15/turn              y - ring of Xuetydwe {*Slow +Fly rElec Slay+4}

@: berserking, slowed, very slow
A: retaliatory headbutt, horns 2, blink, strong 1
}: 1/15 runes: serpentine
a: Blink, Renounce Religion, Evoke Berserk Rage, Evoke Flight, Berserk, Trog's
Hand, Brothers in Arms


You were on level 3 of the Swamp.
You worshipped Trog.
Trog was extremely pleased with you.
You visited 5 branches of the dungeon, and saw 29 of its levels.
You also visited: Sewer, Ice Cave and Volcano.

You collected 3221 gold pieces.
You spent 117 gold pieces at shops.

Inventory:

Hand Weapons
 e - the +8 hand axe of Inquiry (weapon) {vorpal, Fragile +Rage rC+ Will+}
   (You found it on level 10 of the Dungeon)

   It inflicts extra damage upon your enemies.
   It protects you from cold.
   It affects your willpower, your defense against some magical effects.
   It lets you go berserk.
   It will be destroyed if unequipped.
 Z - a +9 executioner's axe of flaming
Missiles
 l - 4 atropa-tipped darts
 o - 104 poisoned darts
 C - 6 silver javelins
 M - 4 javelins (quivered)
Armour
 s - a +2 pair of boots (worn)
 z - a +0 cloak (worn)
 B - a +2 pair of gloves (worn)
 R - a +4 plate armour of poison resistance (worn)
Jewellery
 c - a +4 ring of protection (left hand)
 n - a +4 ring of protection
 y - the ring of Xuetydwe (right hand) {*Slow +Fly rElec Slay+4}
   (You found it on level 4 of the Lair of Beasts)

   [ring of slaying]

   It affects your accuracy and damage with ranged weapons and melee attacks
   (+4).
   It insulates you from electricity.
   It lets you fly.
   It may slow you when you take damage.
 E - an uncursed amulet of regeneration
 L - an amulet of the acrobat (around neck)
 N - an uncursed amulet of reflection {unknown}
 O - an uncursed ring of flight
Wands
 a - a wand of flame (50)
 k - a wand of random effects (2)
 q - a wand of paralysis (16)
 F - a wand of iceblast (29)
 I - a wand of disintegration (3)
 P - a wand of polymorph (16)
 Q - a wand of acid (8)
Scrolls
 d - 8 scrolls of magic mapping
 g - a scroll of random uselessness {unknown}
 h - 13 scrolls of teleportation
 i - 2 scrolls of acquirement {unknown}
 t - 12 scrolls of remove curse
 v - a scroll of identify
 w - 2 scrolls of fear
 x - 4 scrolls of immolation
 K - a scroll of vulnerability {unknown}
 S - a scroll of blinking {unknown}
 U - 4 scrolls of fog
 V - a scroll of summoning {unknown}
 X - a scroll of holy word {unknown}
Potions
 b - 3 potions of degeneration {unknown}
 f - 15 potions of curing
 j - 6 potions of haste
 m - a potion of might
 p - 2 potions of invisibility
 r - 11 potions of flight
 u - 3 potions of resistance
 A - 6 potions of magic
 D - 2 potions of brilliance
 G - 4 potions of heal wounds
 H - a potion of ambrosia {unknown}
 J - 3 potions of mutation
 T - a potion of cancellation
 Y - 2 potions of berserk rage


   Skills:
 - Level 20.1 Fighting
 + Level 17.3(17.5) Axes
 - Level 3.3(12.1) Maces & Flails
 - Level 3.3(12.1) Polearms
 - Level 10.5 Throwing
 - Level 20.0 Armour
 - Level 13.1 Dodging


You had 17 spell levels left.
You didn't know any spells.
Your spell library was empty.

Dungeon Overview and Level Annotations

Branches:
Dungeon (14/15)            Temple (0/1) D:6            Lair (6/6) D:8
  Swamp (3/4) Lair:2        Snake (4/4) Lair:3          Orc (2/2) D:11
    Elf (0/3) Orc:2        Vaults (0/5) D:13          Sewer (visited)
  IceCv (visited)         Volcano (visited)
  Slime: Lair:5-6

Altars:
Ashenzari
Cheibriados
Dithmenos
Elyvilon
Fedhas
Hepliaklqana
Kikubaaqudgha
Makhleb
Nemelex Xobeh
Qazlal
Ru
Sif Muna
Wu Jian
Yredelemnul

Shops:
D:7 *   Orc:2 ?*?*

Annotations:
Lair:6 exclusion: oklob plant


Innate Abilities, Weirdness & Mutations

You reflexively headbutt those who attack you in melee.
You have a pair of horns on your head.
You can translocate small distances at will.
Your muscles are strong. (Str +2)


Message History

The six-headed hydra grows two more!
You slash the eight-headed hydra! You headbutt the eight-headed hydra!!
The eight-headed hydra is severely wounded.
You slash the tyrant leech! You slice the fenstrider witch!!
You slice the spriggan!!
You kill the spriggan!
Trog accepts your kill.
The fenstrider witch hits you but does no damage.
The fenstrider witch kicks you!
* * * LOW HITPOINT WARNING * * *
Your unstable footing causes you to fumble your attack.
The tyrant leech bites you but does no damage.
The eight-headed hydra bites you!
* * * LOW HITPOINT WARNING * * *
The eight-headed hydra barely misses you.
The eight-headed hydra bites you but does no damage. x2
The eight-headed hydra closely misses you.
The eight-headed hydra bites you but does no damage.
The eight-headed hydra bites you!
You die...

..≈.♣ .. .....
..### +#.$.≈.
♣..... ...≈.≈.
♣..... ..x≈≈..
♣.≈≈≈>♣♣...≈^..
.≈≈≈≈.≈.≈..≈≈≈.
.≈≈≈≈≈DDw≈≈.≈(.
≈.≈≈≈≈)@H≈≈≈...
♣.≈≈≈.))≈≈...≈≈
...≈≈≈≈..♣≈.♣♣♣
≈≈≈≈≈≈§≈≈..♣♣
.≈≈≈≈≈≈≈..♣♣
..≈≈≈≈≈.≈≈♣
♣≈≈≈≈≈≈.♣§♣
♣>≈≈≈≈<....


You could see a bunyip (catching breath), an eight-headed hydra (strong), a
swamp dragon, a fenstrider witch and a tyrant leech (strong).

Vanquished Creatures
  Nikola (Swamp:2)
  A thorn hunter (Swamp:2)
  Frances (Swamp:1)
  6 nagarajas (Snake:4)
  Aizul (Swamp:2)
  The ghost of Bykhliel the Ninja, an adept SpEn of Wu Jian (Snake:2)
  Azrael (D:14)
  3 bunyips
  9 eleionomae
  An ogre mage (Volcano)
  Josephine (Lair:6)
  A vault guard (D:13)
  10 hydras
  2 catoblepae (Lair:6)
  2 ghost crabs
  23 naga warriors
  13 anacondas
  6 two-headed ogres
  A deep troll shaman (Lair:6)
  9 alligators
  10 naga sharpshooters
  12 death yaks
  3 orc high priests (Orc:2)
  2 shock serpents
  A hell knight (Volcano)
  Nergalle (Orc:1)
  A skeletal warrior (D:14)
  2 salamander mystics (Snake:4)
  2 goliath frogs (Swamp:2)
  A wizard (D:13)
  4 spriggan druids
  A lindwurm (Lair:6)
  3 bog bodies
  6 swamp dragons
  14 naga ritualists
  8 mana vipers
  5 orc knights
  A deep elf mage (D:14)
  2 ugly things (D:13)
  3 cyclopes
  A manticore (D:12)
  A will-o-the-wisp (Swamp:2)
  4 orc sorcerers
  4 elephants (Lair:6)
  17 salamanders
  27 naga magi
  5 torpor snails (Lair:6)
  43 black mambas
  An ice statue (IceCv)
  8 guardian serpents
  11 cane toads
  A cane toad (shapeshifter) (D:13)
  A gargoyle (D:12)
  A kobold demonologist (D:12)
  7 rime drakes
  7 komodo dragons
  A harpy zombie (D:14)
  4 trolls
  7 hornets
  7 tyrant leeches
  12 polar bears
  11 blink frogs
  3 dream sheep (Lair:4)
  9 spriggans
  Sigmund (D:3)
  5 wraiths
  49 yaks
  2 vampires
  6 wyverns
  4 fire elementals (D:14)
  7 basilisks
  A basilisk (shapeshifter) (D:13)
  2 vampire mosquitoes (Swamp:1)
  8 swamp worms
  47 nagas
  A soldier ant (D:10)
  15 orc warriors
  18 water moccasins
  4 sky beasts
  2 swamp drakes (Swamp:1)
  4 ice beasts
  4 black bears
  A necrophage (D:8)
  33 wolves
  A phantom (D:5)
  A hornet zombie (D:7)
  8 ogres
  7 centaurs
  3 big kobolds
  An elf zombie (D:8)
  22 bullfrogs
  5 scorpions
  8 killer bees
  4 wights (D:13)
  2 bullfrog zombies
  3 howler monkeys
  A crimson imp (D:13)
  7 jellies
  A quasit (D:10)
  6 hounds
  14 orc priests
  A centaur zombie (D:6)
  4 human zombies (D:8)
  2 bullfrog skeletons
  4 centaur skeletons
  A gnoll shaman (D:6)
  2 human skeletons (D:8)
  3 iron imps (D:7)
  Terence (D:2)
  4 iguanas
  18 orc wizards
  3 hell rats (D:14)
  9 worker ants
  2 hound skeletons
  4 mummies (D:8)
  2 worker ant zombies
  5 gnolls (D:6)
  7 river rats
  21 adders
  3 white imps
  An ooze (D:1)
  3 ufetubi
  2 adder zombies
  An adder skeleton (D:3)
  4 worms
  A dart slug (D:2)
  6 leopard geckos
  64 orcs
  5 giant cockroaches
  9 goblins
  9 hobgoblins
  7 jackals
  26 kobolds
  4 quokkas
  4 ball pythons
  A ball python skeleton (D:3)
  9 bats
  5 frilled lizards
  A leopard gecko zombie (D:5)
  10 rats
944 creatures vanquished.

Vanquished Creatures (collateral kills)
  A white draconian (IceCv)
  3 vault guards (D:13)
  2 boulder beetles (D:13)
  2 hydras
  2 naga warriors (Snake:4)
  4 death yaks
  A shock serpent (Snake:1)
  2 skeletal warriors (D:14)
  A salamander mystic (Snake:2)
  An orc knight (Orc:2)
  A salamander (shapeshifter) (D:13)
  A manticore (D:11)
  3 salamanders (Snake:2)
  4 elephants (Lair:6)
  4 naga magi (Snake:4)
  A cane toad (Lair:6)
  A rime drake (D:14)
  A tengu conjurer (D:13)
  5 polar bears (IceCv)
  A queen bee (shapeshifter) (D:13)
  2 dream sheep (Lair:4)
  A blink frog (Lair:6)
  A wraith (Lair:6)
  2 wyverns (D:14)
  3 basilisks
  3 yaks (IceCv)
  4 vampire mosquitoes (D:13)
  2 nagas
  A hell hound (D:14)
  3 orc warriors (Orc:2)
  A sky beast (D:11)
  A black bear (D:11)
  A necrophage (D:11)
  2 wolves (IceCv)
  4 centaurs
  A scorpion (D:13)
  A killer bee (D:13)
  A wight (D:13)
  A howler monkey (D:13)
  2 orc priests (Orc:2)
  3 hell rats (D:14)
  2 orcs
83 creatures vanquished.

Vanquished Creatures (others)
  2 orc wizards
  An orc (Orc:2)
  A quokka (D:4)
  A bush (Lair:6)
  26 fungi
  45 plants
76 creatures vanquished.

Grand Total: 1103 creatures vanquished

Notes
Turn   | Place    | Note
-------+----------+-------------------------------------------
     0 | D:1      | muata the Minotaur Berserker began the quest for the Orb.
     0 | D:1      | Reached XP level 1. HP: 19/19 MP: 0/0
   262 | D:1      | Reached XP level 2. HP: 27/27 MP: 1/1
   948 | D:2      | Found a shadowy altar of Dithmenos.
   952 | D:2      | Reached XP level 3. HP: 9/33 MP: 2/2
  1503 | D:2      | Noticed Terence
  1507 | D:2      | Killed Terence
  1612 | D:2      | Reached XP level 4. HP: 41/41 MP: 3/3
  1714 | D:2      | Reached ** piety under Trog
  2280 | D:3      | Found a sacrificial altar of Ru.
  2479 | D:3      | Reached skill level 5 in Fighting
  2479 | D:3      | Reached skill level 5 in Axes
  2479 | D:3      | Reached XP level 5. HP: 47/48 MP: 4/4
  2587 | D:3      | Found a glowing drain.
  2634 | Sewer    | Entered a sewer
  2796 | Sewer    | Reached skill level 5 in Armour
  2796 | Sewer    | Reached XP level 6. HP: 46/57 MP: 5/5
  2866 | Sewer    | Found a glowing silver altar of Zin.
  3136 | D:3      | Reached *** piety under Trog
  3304 | D:3      | Noticed Sigmund
  3311 | D:3      | Killed Sigmund
  3600 | D:3      | Found a hazy altar of Hepliaklqana.
  3723 | D:4      | Reached XP level 7. HP: 60/63 MP: 6/6
  3815 | D:4      | Found a shimmering blue altar of Sif Muna.
  3815 | D:4      | Found an ornate altar of the Wu Jian Council.
  3825 | D:4      | Found a blossoming altar of Fedhas.
  3827 | D:4      | Found a stormy altar of Qazlal.
  3835 | D:4      | Found an ancient bone altar of Kikubaaqudgha.
  4076 | D:4      | Found a white marble altar of Elyvilon.
  4579 | D:5      | Entered Level 5 of the Dungeon
  4767 | D:5      | Found a sparkling altar of Nemelex Xobeh.
  4882 | D:5      | Reached XP level 8. HP: 50/73 MP: 7/7
  5010 | D:5      | Reached **** piety under Trog
  5584 | D:6      | Found a staircase to the Ecumenical Temple.
  5625 | D:6      | Found an ancient bone altar of Kikubaaqudgha.
  6375 | D:7      | Found a burning altar of Makhleb.
  6443 | D:7      | Reached XP level 9. HP: 67/82 MP: 8/8
  6508 | D:7      | Found Jocu's General Store.
  6512 | D:7      | Bought a potion of curing for 39 gold pieces
  6512 | D:7      | Bought a potion of might for 52 gold pieces
  6512 | D:7      | Bought a scroll of identify for 26 gold pieces
  6950 | D:7      | Found a broken altar of Ashenzari.
  7657 | D:8      | Found a staircase to the Lair.
  7844 | D:8      | Reached skill level 10 in Fighting
  7844 | D:8      | Reached skill level 10 in Axes
  7858 | D:8      | Reached ***** piety under Trog
  7884 | D:8      | Found a basalt altar of Yredelemnul.
  7898 | D:8      | Reached skill level 10 in Armour
  8202 | D:9      | You fall into a shaft and drop 2 floors!
  8207 | D:11     | Noticed a cyclops
  8217 | D:11     | Killed a cyclops
  8218 | D:11     | Reached XP level 10. HP: 94/94 MP: 9/9
  8723 | D:11     | Found a staircase to the Orcish Mines.
  9174 | D:11     | Noticed a cyclops
  9179 | D:11     | Killed a cyclops
  9570 | D:12     | Noticed a manticore
  9594 | D:11     | Killed a manticore
  9852 | D:12     | Got a crystal hand axe
  9853 | D:12     | Identified the +3 hand axe of Dawn {drain, rF+ Str-3
                  | Stlth+} (You found it on level 12 of the Dungeon)
 10222 | D:12     | Noticed a gargoyle
 10229 | D:12     | Killed a gargoyle
 10230 | D:12     | Reached XP level 11. HP: 104/104 MP: 10/10
 10418 | D:12     | You fall into a shaft and drop 1 floor!
 10422 | D:13     | Received a gift from Trog
 10540 | D:13     | Noticed a cyan ugly thing
 10570 | D:13     | Noticed a two-headed ogre
 10571 | D:13     | Killed a cyan ugly thing
 10580 | D:13     | Killed a two-headed ogre
 10608 | D:13     | Found a frozen archway.
 10641 | IceCv    | Entered an ice cave
 10913 | IceCv    | Noticed a death yak
 10924 | IceCv    | Killed a death yak
 11007 | IceCv    | Reached XP level 12. HP: 99/115 MP: 11/11
 11049 | IceCv    | Got a jewelled flail
 11790 | IceCv    | Noticed a death yak
 11797 | IceCv    | Noticed a death yak
 11817 | IceCv    | Killed a death yak
 11827 | IceCv    | Killed a death yak
 11907 | IceCv    | Noticed a white draconian
 11925 | IceCv    | Killed a white draconian
 12045 | IceCv    | Got a smoking arbalest
 12046 | IceCv    | Identified the +8 flail of Extremism {pain, Str+3 SInv}
                  | (You found it in an ice cave)
 12047 | IceCv    | Identified the cursed +1 arbalest of the Tundras {flame,
                  | rPois} (You found it in an ice cave)
 12441 | D:13     | Reached skill level 1 in Throwing
 12557 | D:13     | Found a gate to the Vaults.
 12557 | D:13     | Noticed a vault guard
 12557 | D:13     | Noticed a vault guard
 12557 | D:13     | Noticed a vault guard
 12557 | D:13     | Noticed a boulder beetle
 12557 | D:13     | Noticed a boulder beetle
 12567 | D:13     | Killed a vault guard
 12570 | D:13     | Killed a vault guard
 12575 | D:13     | Killed a vault guard
 12586 | D:13     | Killed a boulder beetle
 12611 | D:13     | Killed a boulder beetle
 12612 | D:13     | Noticed a vault guard
 12620 | D:13     | Killed a vault guard
 13058 | D:13     | Noticed a seven-headed hydra
 13062 | D:13     | Killed a seven-headed hydra
 13138 | D:13     | Reached XP level 13. HP: 120/125 MP: 12/12
 13200 | D:14     | Reached skill level 1 in Polearms
 13216 | D:14     | Reached skill level 15 in Fighting
 13216 | D:14     | Reached skill level 1 in Maces & Flails
 13244 | D:14     | Reached skill level 15 in Armour
 13930 | D:14     | Noticed Azrael
 13953 | D:14     | Killed Azrael
 14312 | Orc:1    | Entered Level 1 of the Orcish Mines
 14482 | Orc:2    | Entered Level 2 of the Orcish Mines
 14487 | Orc:2    | Found a staircase to the Elven Halls.
 15197 | Orc:2    | Reached skill level 5 in Throwing
 15546 | Orc:2    | Found Ydopru's General Store.
 15546 | Orc:2    | Found Wuepsoz's Magic Scroll Shoppe.
 15548 | Orc:2    | Found Goal's Assorted Antiques.
 15548 | Orc:2    | Found Fietz's Magic Scroll Shoppe.
 15666 | Orc:1    | Noticed Nergalle
 15679 | Orc:1    | Killed Nergalle
 16198 | D:10     | Entered Level 10 of the Dungeon
 16499 | D:10     | Got a steaming hand axe
 16658 | D:10     | Identified the +8 hand axe of Inquiry {vorpal, Fragile
                  | +Rage rC+ Will+} (You found it on level 10 of the Dungeon)
 17594 | Lair:1   | Entered Level 1 of the Lair of Beasts
 18053 | Lair:1   | Found a dark tunnel.
 18069 | Volcano  | Entered a volcano
 18099 | Volcano  | Reached XP level 14. HP: 85/137 MP: 13/13
 19028 | Lair:2   | Found a staircase to the Swamp.
 19922 | Lair:3   | Found a staircase to the Snake Pit.
 20662 | Lair:4   | Got a scintillating steel ring
 20664 | Lair:4   | Identified the ring of Xuetydwe {*Slow +Fly rElec Slay+4}
                  | (You found it on level 4 of the Lair of Beasts)
 21118 | Lair:5   | Reached skill level 10 in Throwing
 21130 | Lair:5   | Gained mutation: You can translocate small distances at
                  | will. [potion of mutation]
 21130 | Lair:5   | Gained mutation: Your muscles are strong. (Str +2) [potion
                  | of mutation]
 21961 | Lair:6   | Entered Level 6 of the Lair of Beasts
 22281 | Lair:6   | Noticed Josephine
 22297 | Lair:6   | Killed Josephine
 22352 | Lair:6   | Reached XP level 15. HP: 50/147 MP: 14/14
 22931 | Lair:6   | Found a snail-covered altar of Cheibriados.
 23654 | Lair:6   | Reached skill level 5 in Dodging
 24231 | Snake:1  | Entered Level 1 of the Snake Pit
 25739 | Snake:2  | Found a runed translucent door.
 25761 | Snake:2  | Noticed Bykhliel's ghost (adept SpEn)
 25806 | Snake:2  | Reached XP level 16. HP: 141/159 MP: 1/15
 25944 | Snake:2  | Killed Bykhliel's ghost
 26850 | Snake:3  | Received a gift from Trog
 26883 | Snake:3  | Reached ****** piety under Trog
 27678 | Snake:3  | Reached skill level 10 in Dodging
 28055 | Snake:4  | Entered Level 4 of the Snake Pit
 28065 | Snake:4  | Received a gift from Trog
 29243 | Snake:4  | Reached XP level 17. HP: 170/170 MP: 16/16
 29313 | Snake:4  | Received a gift from Trog
 30340 | Snake:4  | Got a serpentine rune of Zot
 31394 | Swamp:1  | Entered Level 1 of the Swamp
 31396 | Swamp:1  | Noticed Frances
 31408 | Swamp:1  | Killed Frances
 31552 | Swamp:1  | Received a gift from Trog
 32064 | Swamp:2  | Reached skill level 15 in Axes
 32091 | Swamp:2  | Got a polished glaive
 32358 | Swamp:2  | Identified the +2 glaive of the Several Wars {vorpal, +Rage
                  | rF- Dex+3} (You found it on level 2 of the Swamp)
 32516 | Swamp:2  | Noticed Aizul
 32522 | Swamp:2  | Noticed Nikola
 32538 | Swamp:2  | Killed Aizul
 32547 | Swamp:2  | Killed Nikola
 32948 | Swamp:2  | Reached XP level 18. HP: 86/178 MP: 17/17
 33758 | Swamp:3  | Paralysed by a fenstrider witch for 5 turns
 33766 | Swamp:3  | HP: 7/267 [eight-headed hydra[a spriggan druid] (15)]
 33766 | Swamp:3  | Slain by an eight-headed hydra

Illustrated notes

Levels and vault maps discovered:
D:1:      psy_arrival_terrarium, layout_loops_ring, chequers_garden,
          grunt_decor_resistance, minmay_heptomino_d4
D:2:      lemuel_upstairs_altar, layout_loops_ring,
          amcnicky_mini_rare_corridor_liquid, grunt_dithmenos_smoke,
          uniq_terence
D:3:      layout_loops_corners, hangedman_ru_absence,
          nzn_hepliaklqana_mist_gate, lightli_sewer_entry_pipes, st_stairs_12,
          minmay_three_crescents, uniq_sigmund
D:4:      layout_loops_ring, chequers_temple_overflow_minitemple,
          elyvilon_altar_4
D:5:      layout_rooms, nemelex_altar_shiori
D:6:      layout_basic, minmay_temple_entry_slanted, basic_altar
D:7:      layout_basic, general_overflow_altar, demons_altar, serial_shops,
          nicolae_shop_behind_doors, hex_intersection
D:8:      layout_loops_corners, lemuel_mausoleum_altar_yredelemnul,
          lair_entry_dummy, serial_glass, glass_columns_a, glass_columns_a
D:9:      layout_basic
D:10:     layout_irregular_city
D:11:     layout_loops_corners, orc_0_dummy
D:12:     layout_rooms, minmay_tree_intersection
D:13:     layout_loops_ring, lightli_vaults_fourway_checkpoint,
          portal_ice_cave_entry_pillars_1, lightli_wizard_tower
D:14:     layout_basic, gammafunk_ghost_necromancy, tso_altar, special_room
          [special_room_mythical_zoo], uniq_azrael
Lair:1:   layout_long_grid, enter_volcano_1
Lair:2:   layout_cave_pods, palyth_hydra_swamp_entry, serial_bayou_shore_b
Lair:3:   layout_gridlike, minmay_snake_entry_six_corridors
Lair:4:   layout_concentric_octagons, grunt_megastairs_5,
          infiniplex_staircase_pool
Lair:5:   layout_cave_pods
Lair:6:   grunt_lair_end_beastmaster, layout_loops_ring,
          minmay_slime_entry_oklob_enclosed, kennysheep_snail_temple,
          serial_bayou_shore_a, grunt_megastairs_2, uniq_josephine
Swamp:1:  layout_basic_swamp, evilmike_swamp_ruin_house_3, uniq_frances
Swamp:2:  nzn_winding_woodlands_small [nzn_winding_woodlands_5x15_pool,
          nzn_winding_woodlands_center_pierced_h,
          nzn_winding_woodlands_5x15_default], layout_basic_swamp,
          nicolae_swamp_feature_on_the_river_bank, infiniplex_staircase_pool_2,
          uniq_aizul, uniq_nikola
Swamp:3:  layout_basic_swamp, evilmike_swamp_ruin_house_1, swamp_pool1,
          nzn_swamp_dancing_lights
Snake:1:  layout_misc_corridors, st_stairs_12, grunt_megastairs_1
Snake:2:  layout_grid_shapes, ebering_ghost_reflecting_pool
Snake:3:  layout_rooms, drop_trap
Snake:4:  snake_pit, layout_onion_interference, lemuel_fruit_tree
Orc:1:    layout_caves, uniq_nergalle
Orc:2:    grunt_orc_tribal_feast, layout_caves

Skill      XL: |  1  2  3  4  5  6  7  8  9 10 11 12 13 14 15 16 17 18 |
---------------+-------------------------------------------------------+-----
Fighting       | 4 5 6 7 8 10 12 13 14 16 17 18 19 20 | 20.1
Axes           | 4 5 6 7 8 10 12 13 14 16 17 | 17.3
Armour         | 3 4 5 6 8 10 11 13 14 16 17 18 19 20 | 20.0
Throwing       | 4 7 10 | 10.5
Polearms       | 3 |  3.3
Maces & Flails | 3 |  3.3
Dodging        | 3 8 11 13 | 13.1

Action                   |  1- 3 |  4- 6 |  7- 9 | 10-12 | 13-15 | 16-18 || total
-------------------------+-------+-------+-------+-------+-------+-------++-------
Melee: Hand axe          |    66 |   163 |   122 |   478 |  1027 |   877 ||  2733
       Headbutt          |     7 |    29 |    60 |   116 |   274 |   234 ||   720
       Flail             |       |       |   238 |   106 |       |       ||   344
       War axe           |       |       |       |    20 |       |       ||    20
Throw: Stone             |       |       |     2 |    18 |       |       ||    20
       Dart              |       |       |       |       |    19 |       ||    19
       Javelin           |       |       |       |       |       |    12 ||    12
Invok: Berserk           |       |     3 |     7 |    11 |    19 |    12 ||    52
       Trog's Hand       |       |       |     1 |    12 |    13 |     7 ||    33
       Brothers in Arms  |       |       |       |     8 |    16 |     3 ||    27
 Abil: Evoke Flight      |       |       |       |       |       |     1 ||     1
Evoke: Wand              |       |       |       |     1 |    52 |    23 ||    76
  Use: Scroll            |       |       |       |    15 |    17 |    10 ||    42
       Potion            |       |       |       |     1 |     2 |     1 ||     4
 Stab: Sleeping          |     1 |       |       |       |       |       ||     1
       Distracted        |       |       |       |       |     2 |     1 ||     3
       Paralysed         |       |       |       |       |       |     2 ||     2
       Confused          |       |       |       |       |       |     1 ||     1
Armor: Animal skin       |    13 |     2 |       |       |       |       ||    15
       Chain mail        |       |    77 |   145 |       |       |       ||   222
       Plate armour      |       |       |   121 |   372 |   795 |   521 ||  1809
Dodge: Dodged            |    38 |    78 |   162 |   189 |   552 |   565 ||  1584

Table legend: (Time is in decaauts)
 A = Elapsed time spent in this place.
 B = Non-inter-level travel time spent in this place.
 C = Inter-level travel time spent in this place.
 D = Time resting spent in this place.
 E = Time spent auto-exploring this place.
 F = Levels seen in this place.
 G = Mean time per level.
                   A        B        C        D        E       F      G
               +--------+--------+--------+--------+--------+-----+--------+
         Total |  33507 |  31474 |   2033 |   6735 |  16387 |  32 | 1047.1 |
       Dungeon |  13948 |  13015 |    933 |   1822 |   7754 |  14 |  996.3 |
          Lair |   6532 |   6046 |    486 |    857 |   4001 |   6 | 1088.7 |
         Swamp |   2393 |   2336 |     57 |    796 |   1061 |   3 |  797.7 |
     Snake Pit |   6825 |   6585 |    240 |   2195 |   2884 |   4 | 1706.2 |
  Orcish Mines |   1772 |   1456 |    316 |    321 |    432 |   2 |  886.0 |
         Sewer |    307 |    307 |      0 |      0 |    246 |   1 |  307.0 |
      Ice Cave |   1572 |   1572 |      0 |    729 |      7 |   1 | 1572.0 |
       Volcano |    155 |    155 |      0 |     13 |      0 |   1 |  155.0 |
               +--------+--------+--------+--------+--------+-----+--------+

Top non-repeatable levels by time:
 Snake:4: 2851 daAuts
    D:11: 1946 daAuts
  Lair:6: 1895 daAuts
 Swamp:2: 1754 daAuts
   IceCv: 1572 daAuts
 Snake:1: 1500 daAuts
  Lair:2: 1367 daAuts
     D:3: 1366 daAuts
 Snake:2: 1293 daAuts
 Snake:3: 1180 daAuts
     D:2: 1168 daAuts
   Orc:2: 1149 daAuts
  Lair:5: 1143 daAuts
    D:13: 1108 daAuts
     D:8: 1099 daAuts
